 Dungeon Crawl Stone Soup version 0.29.1-2-gbd0b4ee654 (webtiles) character file.

Game seed: 1918991758169829106

2385 hawla the Arsonist (level 10, -7/69 HPs)
             Began as a Meteoran Fire Elementalist on Nov 13, 2022.
             Was a Follower of Vehumet.
             Mangled by an ice beast (8 damage)
             ... on level 7 of the Dungeon.
             The game lasted 00:13:37 (3499 turns).

hawla the Arsonist (Meteoran Fire Elementalist)     Turns: 3499, Time: 00:13:38

Health: -7/69      AC:  6    Str: 10    XL:     10   Next: 3%
Magic:  3/19       EV: 13    Int: 20    God:    Vehumet [*.....]
Gold:   1251       SH:  0    Dex: 16    Spells: 8/20 levels left

rFire   . . .      SeeInvis .   o - +2 quarterstaff (chaos)
rCold   . . .      Faith    .   (shield currently unavailable)
rNeg    . . .      Spirit   .   a - +1 robe
rPois   .          Reflect  .   e - +1 helmet
rElec   .          Harm     .   p - +0 cloak
rCorr   .          Rampage  .   (no gloves)
Will    +....                   (no boots)
Stlth   +.........              s - amulet of regeneration
HPRegen 1.01/turn               (no ring)
MPRegen 0.16/turn               (no ring)

@: about to teleport, glowing
A: sense surroundings 2, otherworldly, glowing, explore regen
a: Renounce Religion


You were on level 7 of the Dungeon.
You worshipped Vehumet.
Vehumet was aware of your devotion.
You visited 2 branches of the dungeon, and saw 8 of its levels.
You also visited: Sewer.

You collected 1251 gold pieces.

Inventory:

Hand Weapons
 o - a +2 quarterstaff of chaos (weapon)
Armour
 a - a +1 robe (worn)
 e - a +1 helmet (worn)
 p - a +0 cloak (worn)
Magical Staves
 u - a staff of conjuration
Jewellery
 h - an amulet of the acrobat
 r - a ring of positive energy
 s - an amulet of regeneration (around neck)
Wands
 j - a wand of charming (22) (quivered)
 k - a wand of polymorph (10)
Scrolls
 d - a scroll of teleportation
 f - 2 scrolls of silence
 l - a scroll of blinking {unknown}
 q - 2 scrolls of magic mapping
 t - a scroll of identify
Potions
 b - a potion of might
 c - a potion of flight
 g - a potion of brilliance {unknown}
 m - a potion of resistance {unknown}
 n - a potion of curing
 v - a potion of cancellation {unknown}


   Skills:
 - Level 0.2 Fighting
 - Level 1.4 Staves
 - Level 3.1 Dodging
 - Level 1.4 Stealth
 - Level 5.7 Spellcasting
 - Level 6.0 Conjurations
 + Level 7.6 Transmutations
 - Level 9.9 Fire Magic
 - Level 2.0 Evocations


You had 8 spell levels left.
You knew the following spells:

 Your Spells              Type           Power      Damage    Failure   Level
a - Foxfire               Conj/Fire      100%       2x1d9     1%          1
b - Scorch                Fire           90%        2d10      1%          2
c - Flame Wave            Conj/Fire      37%        2d10      4%          4
d - Irradiate             Conj/Tmut      16%        3d17      19%         5

Your spell library contained the following spells:

 Spells                   Type           Power      Damage    Failure   Level
 Shock                    Conj/Air       68%        1d7       3%          1
 Beastly Appendage        Tmut           72%        N/A       1%          1
 Wereblood                Tmut           36%        N/A       1%          2
 Conjure Flame            Conj/Fire      37%        6-21      1%          3
 Inner Flame              Hex/Fire       25%        N/A       4%          3
 Spider Form              Tmut/Pois      20%        N/A       7%          3
 Sublimation of Blood     Necr           5%         N/A       16%         2
 Petrify                  Tmut/Erth      20%        N/A       22%         4


Dungeon Overview and Level Annotations

Branches:
Dungeon (7/15) Zot: 1190   Temple (1/1) D:4 Zot: 520   Sewer (visited)

Altars:
Ashenzari
Elyvilon
Hepliaklqana
Kikubaaqudgha
Okawaru
Sif Muna
Trog
Vehumet
Xom
Zin

Shops:
D:1 !   D:4 [


Innate Abilities, Weirdness & Mutations

You passively map the area around you.
You are easily found by Zot.
You glow in the dark.
You regain HP and MP as you explore.


Message History

Flames lash the orc.
The orc is heavily wounded.
The orc's fire resistance burns away.
You feel very sick.
The foxfire hits the ice beast!
The ice beast melts!
The ice beast is moderately wounded.
The foxfire hits the ice beast!
The ice beast melts!
The ice beast is heavily wounded.
Casting: Scorch (safe; 1% risk of failure)
Confirm with . or Enter, or press ? or * to list all spells.
You conjure some foxfire!
You feel sick.
The foxfire hits the orc but does no damage.
The orc is heavily wounded.
Casting: Foxfire (safe; 1% risk of failure)
Confirm with . or Enter, or press ? or * to list all spells.
Flames lash the orc.
The orc is burned terribly!
You kill the orc!
Vehumet accepts your kill.
You feel sick.
The foxfire hits the ice beast but does no damage.
The ice beast is heavily wounded.
The ice beast hits you.
* * * LOW HITPOINT WARNING * * *
The ice beast freezes you!
* * * LOW HITPOINT WARNING * * *
A gnoll bouda comes into view. It is wielding a +0 club.
It was a potion of curing.
You feel better. The ice beast barely misses you.
As you read the scroll of teleportation, it crumbles to dust.
You feel strangely unstable. The ice beast closely misses you.
The ice beast attacks as you move away! The ice beast hits you.
* * * LOW HITPOINT WARNING * * *
The ice beast freezes you.
* * * LOW HITPOINT WARNING * * *
The gnoll bouda attacks as you move away!
The gnoll bouda hits you with a +0 club.
* * * LOW HITPOINT WARNING * * *
The ice beast attacks as you move away! The ice beast hits you.
* * * LOW HITPOINT WARNING * * *
The ice beast freezes you!
You die...

, , ,.# *.........# *, *
.# .........# ## .#
.........# *##.###.#
*.........## * , #(..#..*
*........... *, #..)##
.........## * ,###.†.#
.........## * #...#Y####
#####...### * *
###..g@..##########.... *
#...................## ,
,
,.!..........#########..#
,, ##.#.###........###
##.# , *#...*
########...####.# , .##.*
###....... , ., #.* *
###†..#. *, , * ......#.
* , , , #[......#.


You could see an ice beast and a gnoll bouda.

Vanquished Creatures
  A water moccasin (D:7)
  An orc warrior (D:5)
  A black bear (D:7)
  A centaur (D:5)
  3 ogres
  A phantom (D:5)
  5 kobold brigands
  2 bullfrogs
  3 scorpions
  7 wights
  2 orc priests (D:5)
  3 hounds
  3 jellies
  Crazy Yiuf (D:4)
  6 iguanas
  An orc wizard (D:5)
  A gnoll (D:1)
  11 adders
  2 river rats (Sewer)
  2 white imps (D:7)
  2 dart slugs
  9 orcs
  10 ball pythons
  6 bats
  5 endoplasms
  2 giant cockroaches
  7 goblins
  4 hobgoblins
  7 jackals (Sewer)
  10 kobolds
  2 quokkas (D:1)
  6 frilled lizards
  10 rats
137 creatures vanquished.

Vanquished Creatures (collateral kills)
  12 foxfires
12 creatures vanquished.

Vanquished Creatures (others)
  9 demonic plants (D:2)
  136 foxfires
  5 fungi (D:2)
  11 plants
  3 withered plants (D:2)
164 creatures vanquished.

Grand Total: 313 creatures vanquished

Notes
Turn   | Place    | Note
-------+----------+-------------------------------------------
     0 | D:1      | hawla the Meteoran Fire Elementalist began the quest for
                  | the Orb.
     0 | D:1      | Reached XP level 1. HP: 14/14 MP: 5/5
   101 | D:1      | Found Icuval's Distillery.
   137 | D:1      | Reached XP level 2. HP: 19/20 MP: 3/6
   140 | D:1      | Learned a level 2 spell: Scorch
   161 | D:1      | Reached skill level 4 in Fire Magic
   172 | D:1      | Reached XP level 3. HP: 26/26 MP: 2/8
   500 | D:1      | Glimpsed the power of Zot.
   519 | D:2      | Found an iron altar of Okawaru.
   555 | D:2      | Reached XP level 4. HP: 33/33 MP: 4/10
   637 | D:2      | Found a faded altar of an unknown god.
   647 | D:2      | Noticed a scorpion
   656 | D:2      | Killed a scorpion
   657 | D:2      | Reached skill level 5 in Fire Magic
   657 | D:2      | Reached XP level 5. HP: 36/38 MP: 1/12
   662 | D:2      | Learned a level 4 spell: Flame Wave
   995 | D:3      | Identified a scroll of acquirement
   995 | D:3      | Acquired 1092 gold pieces
  1028 | D:3      | You fall into a shaft and drop 1 floor!
  1088 | D:4      | Noticed an ogre
  1092 | D:4      | Noticed an ogre
  1095 | D:4      | Killed an ogre
  1096 | D:4      | Reached skill level 6 in Fire Magic
  1096 | D:4      | Reached XP level 6. HP: 33/45 MP: 3/13
  1119 | D:4      | Killed an ogre
  1120 | D:4      | Reached XP level 7. HP: 13/50 MP: 7/14
  1147 | D:4      | Found a glowing drain.
  1163 | Sewer    | Entered a sewer
  1187 | Sewer    | Reached skill level 7 in Fire Magic
  1543 | Sewer    | Reached skill level 8 in Fire Magic
  1543 | Sewer    | Reached XP level 8. HP: 57/57 MP: 10/15
  1577 | Sewer    | Glimpsed the power of Zot.
  1861 | D:4      | Found a runed translucent door.
  1862 | D:4      | Noticed Crazy Yiuf
  1868 | D:4      | Killed Crazy Yiuf
  2030 | D:4      | Found a staircase to the Ecumenical Temple.
  2041 | Temple   | Entered the Ecumenical Temple
  2101 | Temple   | Became a worshipper of Vehumet
  2206 | D:4      | Found Pibleurgh's Antique Armour Shoppe.
  2382 | D:5      | Entered Level 5 of the Dungeon
  2397 | D:5      | Reached skill level 1 in Evocations
  2400 | D:5      | Reached skill level 9 in Fire Magic
  2454 | D:5      | Reached skill level 5 in Spellcasting
  2567 | D:5      | Reached skill level 1 in Staves
  2567 | D:5      | Gained mutation: You passively map the area around you.
                  | [Meteoran growth]
  2567 | D:5      | Reached XP level 9. HP: 43/62 MP: 8/17
  2570 | D:5      | Reached skill level 5 in Conjurations
  2624 | D:5      | Identified the +6 plate armour of the Okapi {rCorr Int-3
                  | Dex+4}
  2659 | D:5      | Learned a level 5 spell: Irradiate
  2775 | D:6      | Reached * piety under Vehumet
  2775 | D:6      | Offered knowledge of Shock by Vehumet.
  2793 | D:6      | Reached skill level 1 in Transmutations
  3311 | D:7      | Reached skill level 5 in Transmutations
  3490 | D:7      | Reached XP level 10. HP: 21/69 MP: 7/19
  3494 | D:7      | HP: 3/69 [ice beast (7)]
  3499 | D:7      | HP: 1/69 [ice beast (2)]
  3499 | D:7      | Mangled by an ice beast

Illustrated notes

Levels and vault maps discovered:
D:1:      lightli_arrival_lavapool, layout_rooms, serial_shops,
          nicolae_shop_crystal, nicolae_hexahallways, st_stairs_8
D:2:      layout_rooms, shapermc_ecumenical_altar_gd, basic_altar
D:3:      layout_loops_ring
D:4:      layout_basic, minmay_temple_entry_crystal_x, serial_shops,
          nicolae_shop_behind_doors, cheibrodos_sewer_entry_drain, st_stairs_4,
          solitary_fountain, hangedman_decor_points, uniq_crazy_yiuf_cottage
D:5:      layout_rooms, bh_walls_and_bars
D:6:      layout_basic, chequers_serial_rivers_micro_c
D:7:      layout_rooms, serial_curves, eino_curves_01, eino_curves_01,
          minmay_between
Temple:   dpeg_three_leaves_temple

Skill      XL: |  1  2  3  4  5  6  7  8  9 |
---------------+----------------------------+-----
Spellcasting   | 3 4 5 |  5.7
Fire Magic     | 4 5 6 8 9 |  9.9
Dodging        | 3 |  3.1
Conjurations   | 2 3 4 6 |  6.0
Evocations     | 2 |  2.0
Staves         | 1 |  1.4
Transmutations | 7 |  7.6
Fighting       | |  0.2
Stealth        | |  1.4

Action                   |  1- 3 |  4- 6 |  7- 9 | 10-12 || total
-------------------------+-------+-------+-------+-------++-------
Melee: Unarmed           |    12 |     5 |    11 |       ||    28
       Punch             |     1 |     1 |       |       ||     2
       Quarterstaff      |       |       |    33 |       ||    33
 Cast: Foxfire           |    18 |    19 |    51 |     2 ||    90
       Scorch            |    13 |    12 |    41 |     2 ||    68
       Flame Wave        |       |       |    15 |       ||    15
  Use: Scroll            |     2 |     4 |     6 |     1 ||    13
       Potion            |       |       |     5 |     1 ||     6
 Stab: Paralysed         |       |       |     2 |       ||     2
Armor: Robe              |     9 |       |    25 |       ||    34
Dodge: Dodged            |    15 |     6 |    97 |     2 ||   120
